 Dungeon Crawl Stone Soup version 0.20-a0-1026-gc3ddcbd (webtiles) character file.

238 dvd the Ruffian (level 5, -1/53 HPs)
             Began as a Troll Berserker on Apr 20, 2017.
             Was a Believer of Trog.
             Slain by an adder (3 damage)
             ... on level 5 of the Dungeon.
             The game lasted 00:05:02 (3024 turns).

dvd the Ruffian (Troll Berserker)                   Turns: 3024, Time: 00:05:03

Health: -1/53      AC:  5    Str: 25    XL:     5   Next: 78%
Magic:  4/4        EV: 11    Int:  3    God:    Trog [**....]
Gold:   145        SH:  0    Dex: 10    Spells: 4/4 levels left

rFire    . . .     SeeInvis .   t - +0 mace (protect)
rCold    + . .     Gourm    +   (no shield)
rNeg     . . .     Faith    .   d - +0 robe (curse)
rPois    .         Spirit   .   (helmet restricted)
rElec    .         Reflect  .   (no cloak)
rCorr    .         Harm     .   (gloves unavailable)
MR       .....                  (boots unavailable)
Stlth    +.........             (no amulet)
Regen    0.6/turn               r - ring of protection from cold
MPRegen  0.1/turn               (no ring)

@: lethally poisoned (-1 -> -1)
A: unfitting armour, claws 3, fast metabolism 3, gourmand, regeneration 1,
shaggy fur 1, tough skin 2
a: Berserk, Trog's Hand, Burn Spellbooks, Renounce Religion


You were on level 5 of the Dungeon.
You worshipped Trog.
Trog was pleased with you.
You were not hungry.

You visited 1 branch of the dungeon, and saw 5 of its levels.

You collected 145 gold pieces.

Inventory:

Hand Weapons
 c - a +0 hand axe
 e - a +0 spear of flaming
 q - a +0 whip of electrocution
 t - a +0 mace of protection (weapon)
 z - a +0 war axe
Armour
 a - a +0 animal skin
 d - a cursed +0 robe (worn)
Jewellery
 r - a ring of protection from cold (left claw)
Scrolls
 g - 2 scrolls of immolation {unknown}
 i - 3 scrolls of identify {unknown}
 j - 3 scrolls of enchant weapon {unknown}
 m - 3 scrolls of remove curse {unknown}
 o - a scroll of recharging {unknown}
 x - 3 scrolls of fog {unknown}
 y - a scroll of magic mapping {unknown}
Potions
 f - a potion of might {unknown}
 h - 2 potions of ambrosia {unknown}
 k - a potion of brilliance {unknown}
 l - a potion of degeneration {unknown}
 p - a potion of curing {unknown}
 s - a potion of haste {unknown}
 u - a potion of resistance {unknown}
 v - a potion of cancellation {unknown}
Comestibles
 b - 5 bread rations
 n - 3 meat rations
 w - a royal jelly


   Skills:
 + Level 3.3 Fighting
 + Level 0.3 Maces & Flails
 + Level 2.4 Polearms
 + Level 3.4 Dodging
 + Level 0.5 Stealth
 + Level 3.5 Unarmed Combat


You had 4 spell levels left.
You didn't know any spells.

Dungeon Overview and Level Annotations

Branches:
Dungeon (5/15)
 Temple: D:4-7

Altars:
Elyvilon
Okawaru
Trog


Innate Abilities, Weirdness & Mutations

You are too large for most types of armour.
You have claws for hands.
Your metabolism is lightning-fast.
You like to eat raw meat.
Your natural rate of healing is unusually fast.
You are covered in fur. (AC +1)
You have very tough skin. (AC +2)


Message History

Found a stone staircase leading up.
You see here an arrow.
You feel sick.
The centaur shoots an arrow.
The arrow hits you! The arrow burns you. The bullfrog barely misses you.
You see here an arrow.
A bullfrog and an orc come into view.
The bullfrog croaks.
The orc shouts!
The centaur shoots an arrow.
The arrow hits you! The arrow burns you.
* * * LOW HITPOINT WARNING * * *
Found two stone staircases leading down.
The centaur shoots an arrow.
The arrow hits you!
* * * LOW HITPOINT WARNING * * *
The arrow burns you.
* * * LOW HITPOINT WARNING * * *
The bullfrog closely misses you.
You see here an arrow.
Unknown command.
The bullfrog barely misses you.
You feel sick. The adder bites you.
You die...

.. ......# #.#....... .##
#.#....).. #####....
###.#W...... #........
............ #........
#............####........
............ ............
...........# #..........
....##.##### #@.....#..
....ยง.....# ###SF$.....
......5...# ###.(F..###.#
####......###(r.......>.
#......#.5S.....o....#
#......W.##c........##
#......####.........#
#......# #...o.....#
#....<.# #........>#


You could see 2 bullfrogs, an adder and 2 orcs.

Vanquished Creatures
  The ghost of Tux the Firebug, an amateur OgFE (D:3)
  A centaur skeleton (D:4)
  An iguana (D:4)
  2 adders (D:2)
  2 oozes (D:1)
  A worm (D:3)
  A dart slug (D:2)
  2 leopard geckos
  5 orcs
  5 ball pythons
  4 bats
  3 giant cockroaches
  8 hobgoblins
  3 jackals (D:1)
  3 quokkas (D:3)
  4 frilled lizards
  4 goblins
  3 kobolds
  6 rats
59 creatures vanquished.

Notes
Turn   | Place    | Note
-------+----------+-------------------------------------------
     0 | D:1      | dvd the Troll Berserker began the quest for the Orb.
     0 | D:1      | Reached XP level 1. HP: 22/22 MP: 0/0
   159 | D:1      | Reached XP level 2. HP: 18/29 MP: 1/1
   537 | D:1      | Reached XP level 3. HP: 36/36 MP: 2/2
   636 | D:2      | Reached ** piety under Trog
  1401 | D:2      | Found a white marble altar of Elyvilon.
  1761 | D:3      | Reached XP level 4. HP: 45/45 MP: 3/3
  1842 | D:3      | Reached skill level 1 in Polearms
  2029 | D:3      | Found an iron altar of Okawaru.
  2056 | D:3      | Noticed Tux's ghost (amateur OgFE)
  2064 | D:3      | Killed Tux's ghost
  2064 | D:3      | Reached XP level 5. HP: 53/53 MP: 4/4
  2359 | D:3      | Found a bloodstained altar of Trog.
  2988 | D:5      | Entered Level 5 of the Dungeon
  3001 | D:5      | Noticed a phantom
  3019 | D:5      | Noticed a centaur
  3022 | D:5      | HP: 2/53 [centaur/arrow (4)]
  3024 | D:5      | Slain by an adder

Vault maps used:
D:1:      dpeg_arrival_three_same_balls
D:2:      mumra_celtic_spiral_tile, elyvilon_altar_1, kennysheep_boxes
D:3:      okawaru_ov_weapons_minmay, overflow_temple_1_default,
          corexii_leaking_fountain, kennysheep_path_1
D:4:      first_bread

Skill      XL: |  1  2  3  4 |
---------------+-------------+-----
Dodging        | 3 |  3.4
Fighting       | 3 |  3.3
Polearms       | 2 |  2.4
Maces & Flails | |  0.3
Stealth        | |  0.5
Unarmed Combat | |  3.5

Action                   |  1- 3 |  4- 6 || total
-------------------------+-------+-------++-------
Melee: Spear             |   136 |    42 ||   178
       Punch             |     1 |     1 ||     2
       Mace              |       |    37 ||    37
Invok: Berserk           |       |     1 ||     1
 Stab: Sleeping          |       |     1 ||     1
  Eat: Chunk             |    19 |    11 ||    30
Armor: Robe              |    47 |    28 ||    75
Dodge: Dodged            |    97 |    55 ||   152
